[Event "GEO-ch U20 Boys 2020"]
[Site "Tbilisi"]
[Date "2020.08.12"]
[Round "7.4"]
[White "Kilasonia, Lado"]
[Black "Naqopia, Giorgi"]
[Result "0-1"]
[ECO "B00"]
[WhiteElo "1390"]
[BlackElo "1806"]
[Annotator "NA RC"]
[PlyCount "50"]
[EventDate "2020.08.06"]
[EventType "tourn"]
[EventCountry "GEO"]
[SourceTitle "playchess.com"]
[Source "ChessBase"]
[SourceQuality "1"]
[TimeControl "40/5400+30:1800+30"]

1. e4 Nc6 2. Nf3 d5 3. exd5 Qxd5 4. Nc3 Qd8 5. d4 Bg4 6. Bb5 {[%emt 0:01:22] B01: Scandinavian Defence.} e6 7. h3 Bxf3 8. Qxf3 Nge7 9. Bg5 {[%emt 0:04:30] [#]} Qd7 $2 $146 (9... Qxd4 $14 10. Bxe7 {[%mdl 64] Pin} Qe5+ 11. Kf1 Kxe7) ({Predecessor:} 9... Qd6 10. O-O-O a6 11. Bxe7 Bxe7 12. Bxc6+ bxc6 13. Rhe1 O-O 14. Rd3 Rab8 15. Nd1 Rb5 {0-1 (22) Lomsky,R (1689)-Martinkova,M (1818) Tabor 2005}) 10. d5 exd5 {[%emt 0:01:46] [#]} 11. O-O-O $1 d4 12. Rhe1 f6 $2 (12... O-O-O $16 {was necessary.}) 13. Bxf6 $2 (13. Ne2 $18 a6 14. Nxd4 (14. Rxd4 Qe6 $16) 14... axb5 15. Nxb5) 13... gxf6 14. Qxf6 $2 {[%emt 0:00:31] [#]} (14. Bc4 $14 Bg7 15. Nd5) 14... O-O-O $1 15. Bc4 ({Of course not} 15. Bxc6 Nxc6 16. Ne4 Bb4 $19) 15... Qd6 16. Be6+ (16. Qxd6 $17 {was worth a try.} Rxd6 17. Ne4) 16... Kb8 17. Nb5 $2 (17. Ne4 {was necessary.} Qh2 18. Ng3) 17... Qc5 18. Kb1 Bg7 ({Less strong is} 18... Qxb5 19. Qxh8 Nd5 20. Bxd5 $17) 19. Qxg7 Qxb5 20. f4 Nd5 21. c4 $2 (21. Bxd5 Qxd5 22. Qg5) 21... dxc3 22. b3 Ncb4 23. Rd4 c2+ 24. Ka1 Rhe8 {[%emt 0:01:28] Decoy} 25. f5 Nd3 0-1

[Event "GEO-ch U20 Boys 2020"]
[Site "Tbilisi"]
[Date "2020.08.12"]
[Round "7.5"]
[White "Gongliashvili, Zurab"]
[Black "Akhvlediani, Irakli"]
[Result "1/2-1/2"]
[ECO "A40"]
[WhiteElo "1807"]
[BlackElo "2358"]
[Annotator "ChessBase"]
[PlyCount "137"]
[EventDate "2020.08.06"]
[EventType "tourn"]
[EventCountry "GEO"]
[SourceTitle "playchess.com"]
[Source "ChessBase"]
[SourceQuality "1"]
[TimeControl "40/5400+30:1800+30"]

1. d4 g6 2. Nf3 Bg7 3. c3 d6 4. e4 Nf6 5. Bd3 O-O 6. h3 Nc6 7. Be3 e5 8. Nbd2 Nh5 9. g4 Nf4 10. Bxf4 exf4 11. Qc2 Rb8 12. Kf1 Ne7 13. Re1 c5 14. e5 cxd4 15. exd6 Nc6 16. Ne4 dxc3 17. bxc3 Ne5 18. Nxe5 Bxe5 19. Rd1 Be6 20. c4 b6 21. Be2 Rc8 22. Kg2 Kh8 23. h4 f3+ 24. Bxf3 Bxc4 25. Qd2 f6 26. Rhe1 Qd7 27. g5 Be6 28. gxf6 Bh3+ 29. Kg1 Bg4 30. Qe3 Rce8 31. Bxg4 Qxg4+ 32. Ng3 Bxf6 33. Qxe8 Rxe8 34. Rxe8+ Kg7 35. Rde1 Qd4 36. R8e7+ Kh6 37. R7e6 Kg7 38. h5 Kf7 39. hxg6+ hxg6 40. R1e2 Qd1+ 41. Kh2 Qd5 42. R6e3 Qxd6 43. Rf3 Kg7 44. Kg2 Be5 45. Re4 Bxg3 46. fxg3 Qd2+ 47. Rf2 Qd5 48. Rfe2 b5 49. Kh2 a5 50. Re5 Qc4 51. R5e4 Qd3 52. R4e3 Qd1 53. Re7+ Kh6 54. R7e5 b4 55. Re1 Qf3 56. R1e2 a4 57. R5e3 Qh5+ 58. Kg1 Qd5 59. Kh2 Qd1 60. Kg2 Qc1 61. Kf2 Qh1 62. Re4 Qc1 63. R4e3 Qb1 64. Kg2 b3 65. axb3 a3 66. b4 a2 67. Rxa2 Qxa2+ 68. Kf3 Qf7+ 69. Ke4 1/2-1/2

[Event "GEO-ch U20 Boys 2020"]
[Site "Tbilisi"]
[Date "2020.08.12"]
[Round "7.6"]
[White "Kavkasidze, Ilia"]
[Black "Kupatadze, Tornike"]
[Result "0-1"]
[ECO "B06"]
[WhiteElo "1768"]
[BlackElo "1617"]
[Annotator "NA"]
[PlyCount "82"]
[EventDate "2020.08.06"]
[EventType "tourn"]
[EventCountry "GEO"]
[SourceTitle "playchess.com"]
[Source "ChessBase"]
[SourceQuality "1"]
[TimeControl "40/5400+30:1800+30"]

1. d4 g6 2. e4 Bg7 3. Nc3 d6 4. Be3 Nc6 5. Qd2 e5 6. d5 Nce7 7. O-O-O f5 8. f3 Bd7 9. Nge2 b5 10. g3 a5 11. Bg2 b4 12. Nb1 Rb8 13. Rhf1 a4 14. a3 bxa3 15. Nxa3 Nf6 16. Bh6 O-O 17. Bxg7 Kxg7 18. f4 Nxe4 19. Bxe4 fxe4 20. fxe5 dxe5 21. Rxf8 Qxf8 22. Qc3 Bg4 23. Qxe5+ Qf6 24. Qxf6+ Kxf6 25. Rf1+ Nf5 26. Nc3 e3 27. Nab5 Rxb5 28. Rxf5+ Kxf5 29. Nxb5 Ke4 30. h3 Bd7 31. Nc3+ Kf3 32. g4 h5 33. gxh5 gxh5 34. Kd1 Bxh3 35. Ke1 Bf5 36. Ne2 h4 37. d6 cxd6 38. Kf1 Bh3+ 39. Ke1 Bd7 40. Nd4+ Kg2 41. Ke2 h3 0-1

[Event "GEO-ch U20 Boys 2020"]
[Site "Tbilisi"]
[Date "2020.08.13"]
[Round "8.4"]
[White "Kukhaleishvili, Giorgi"]
[Black "Qalichava, Akaki"]
[Result "0-1"]
[ECO "A45"]
[WhiteElo "1801"]
[BlackElo "1832"]
[Annotator "NA RC"]
[PlyCount "94"]
[EventDate "2020.08.06"]
[EventType "tourn"]
[EventCountry "GEO"]
[SourceTitle "playchess.com"]
[Source "ChessBase"]
[SourceQuality "1"]
[TimeControl "40/5400+30:1800+30"]

1. d4 Nf6 2. Bg5 Ne4 3. Bf4 c5 4. f3 Nf6 5. Nc3 Qb6 6. d5 {[%emt 0:06:01] A45: Trompowsky Attack.} Qxb2 7. Bd2 Qb6 $1 8. e4 d6 {[%emt 0:05:07] [#]} 9. Na4 $146 ({Predecessor:} 9. Rb1 Qd8 10. f4 g6 11. Nf3 Bg7 12. Bb5+ Nfd7 13. a4 O-O 14. h4 Nf6 15. h5 {0-1 (34) Stopa,J (2427)-Belous,V (2532) chess.com INT 2020}) 9... Qc7 10. c4 e6 11. Bc3 (11. Ne2 $11 {remains equal.}) 11... Be7 12. Nb2 O-O 13. a4 Nbd7 14. g4 ({Better is} 14. Bd3 $15) 14... Ne5 15. Bxe5 (15. Qc2 $17) 15... dxe5 16. Bd3 Ne8 17. Ne2 Nd6 18. Nc3 (18. O-O $17 {was worth a try.}) 18... f5 19. O-O fxg4 20. fxg4 Bd7 21. Qe2 Bg5 (21... Rae8 $19 22. h3 Qa5) 22. Bc2 (22. Nb5 $17 Nxb5 23. axb5) 22... Rad8 (22... Qa5 $19 23. Nb5 Nxb5 24. axb5 Qc3) 23. Rad1 Qc8 24. Rxf8+ Rxf8 25. h3 Nf7 26. Nd3 h5 27. d6 Qc6 ({Don't take} 27... Nxd6 28. Nxe5 Be8 29. Nf3 $17 (29. Rxd6 Qb8 $17)) 28. h4 (28. gxh5 $17 Qxd6 29. Nf4) 28... Bxh4 29. gxh5 Bg5 ({Worse is} 29... Qxd6 {[#]} 30. Nf4 $1 $15 ) ({Don't take} 29... Nxd6 30. Qh2 $17) 30. Nf2 Qc8 ({But not} 30... Nxd6 31. Nh3 $17) 31. Nd3 (31. Nh3 $142) 31... b6 ({Stronger than} 31... Nxd6 32. Nxe5 Be8 33. Ng6 $11 (33. Rxd6 Bf4 $17)) 32. a5 Qb8 ({Weaker is} 32... bxa5 33. Kh1 $17) ({Worse is} 32... Nxd6 33. Nxe5 Be8 34. axb6 $11) 33. axb6 axb6 34. Nb5 Bxb5 $19 (34... Nxd6 $2 35. Nxd6 Qxd6 {[#]} 36. Nf4 $1 $17 ) 35. cxb5 Qxd6 $2 {[%emt 0:00:12] [#]} ({Don't play} 35... Nxd6 36. Qg4 $19) ({Black should play} 35... c4 $19 36. Nb4 Nxd6) 36. Nf4 $1 Qe7 37. Ng6 Qf6 38. Nxf8 Kxf8 39. Ra1 Qd8 40. Rd1 Qf6 41. Ra1 Nd6 42. Ra8+ Kf7 43. Rb8 Nxb5 44. Qxb5 Be3+ 45. Kg2 Qg5+ 46. Kf3 Qf4+ 47. Ke2 Qf2+ 0-1

[Event "GEO-ch U20 Boys 2020"]
[Site "Tbilisi"]
[Date "2020.08.13"]
[Round "8.5"]
[White "Loladze, Andria"]
[Black "Kupatadze, Tornike"]
[Result "0-1"]
[ECO "B06"]
[WhiteElo "1794"]
[BlackElo "1617"]
[Annotator "NA RC"]
[PlyCount "62"]
[EventDate "2020.08.06"]
[EventType "tourn"]
[EventCountry "GEO"]
[SourceTitle "playchess.com"]
[Source "ChessBase"]
[SourceQuality "1"]
[TimeControl "40/5400+30:1800+30"]

1. d4 g6 2. e4 Bg7 3. Nc3 d6 4. f4 Nc6 5. Nf3 Bg4 6. Be3 e5 7. fxe5 dxe5 8. d5 Nd4 9. Bxd4 exd4 10. Bb5+ Kf8 11. Ne2 c6 12. Bc4 Bxf3 13. gxf3 Qh4+ 14. Ng3 Be5 15. Kf2 Nh6 16. Kg2 Kg7 17. Qd2 Rhf8 18. c3 c5 19. cxd4 cxd4 20. Rae1 Rae8 21. Ne2 f5 22. Nxd4 Ng4 23. Ne6+ Rxe6 24. dxe6 Nxh2 25. f4 Qg4+ 26. Kxh2 Bxf4+ 27. Qxf4 Qxf4+ 28. Kg2 Qg4+ 29. Kh2 fxe4 30. Rhf1 Rf3 31. Rxf3 exf3 0-1

[Event "GEO-ch U20 Boys 2020"]
[Site "Tbilisi"]
[Date "2020.08.13"]
[Round "8.6"]
[White "Kilasonia, Lado"]
[Black "Tsanatsqenishvili, Alexandre"]
[Result "0-1"]
[ECO "B05"]
[WhiteElo "1390"]
[BlackElo "1660"]
[Annotator "NA RC"]
[PlyCount "119"]
[EventDate "2020.08.06"]
[EventType "tourn"]
[EventCountry "GEO"]
[SourceTitle "playchess.com"]
[Source "ChessBase"]
[SourceQuality "1"]
[TimeControl "40/5400+30:1800+30"]

1. e4 Nf6 2. e5 Nd5 3. d4 d6 4. Nf3 Bg4 5. Be2 c6 6. O-O Bxf3 7. Bxf3 dxe5 8. dxe5 e6 9. c4 Ne7 10. Qxd8+ Kxd8 11. Bf4 Ng6 12. Bg3 Nd7 13. Re1 Bb4 14. Nc3 Kc7 15. a3 Bxc3 16. bxc3 Rad8 17. h4 Ne7 18. h5 Nc5 19. Bh4 Rd7 20. Rad1 Nf5 21. Rxd7+ Nxd7 22. Bg5 h6 23. Bf4 Nb6 24. g4 Ne7 25. Be2 Na4 26. Rc1 Rd8 27. Be3 b6 28. f4 Nb2 29. Kg2 Nd3 30. Rf1 Nc5 31. f5 exf5 32. gxf5 Ne4 33. f6 gxf6 34. Bxh6 Rg8+ 35. Kf3 f5 36. Bf4 Kd7 37. Rh1 Rh8 38. Bd3 Nc5 39. Bc2 Ke6 40. Rd1 Nc8 41. h6 a5 42. Rh1 Nd7 43. Re1 Ne7 44. c5 bxc5 45. Bb3+ Nd5 46. Re2 N7b6 47. Rb2 c4 48. Bc2 Nd7 49. Ba4 Nxf4 50. Kxf4 Rxh6 51. Re2 Rh4+ 52. Kg3 Rg4+ 53. Kh3 Nxe5 54. Bxc6 Kd6 55. Bb7 Nd3 56. Rd2 Kc5 57. Bc8 Rg5 58. Kh4 f6 59. Rd1 Nf4 60. Bxf5 0-1

[Event "GEO-ch U20 Boys 2020"]
[Site "Tbilisi"]
[Date "2020.08.14"]
[Round "9.6"]
[White "Naqopia, Giorgi"]
[Black "Gongliashvili, Zurab"]
[Result "1/2-1/2"]
[ECO "A46"]
[WhiteElo "1806"]
[BlackElo "1807"]
[Annotator "NA RC"]
[PlyCount "61"]
[EventDate "2020.08.06"]
[EventType "tourn"]
[EventCountry "GEO"]
[SourceTitle "playchess.com"]
[Source "ChessBase"]
[SourceQuality "1"]
[TimeControl "40/5400+30:1800+30"]

1. d4 Nf6 2. Nf3 d5 3. c3 c5 4. Bg5 e6 5. Bxf6 Qxf6 {[%emt 0:00:00] [#]} 6. Ne5 $146 {[%emt 0:00:02] D02: 1 d4 d5 2 Nf3 sidelines, including 2...Nf6 3 g3 and 2...Nf6 3 Bf4.} ({Predecessor:} 6. e3 Bd6 7. Bb5+ Nc6 8. O-O Bd7 9. Nbd2 a6 10. Bd3 cxd4 11. Nxd4 O-O 12. Qe2 Rad8 {0-1 (29) Ljubicic,F (2415)-Saric,A (2505) Rijeka 2008}) 6... Nc6 7. Nxc6 bxc6 8. e3 Bd6 9. Nd2 cxd4 10. exd4 O-O 11. Qf3 Qxf3 12. Nxf3 c5 13. dxc5 Bxc5 14. Bd3 a5 15. O-O Ba6 16. Bxa6 Rxa6 17. Rfd1 a4 18. b4 axb3 19. axb3 Rfa8 20. Rxa6 Rxa6 21. Nd4 Bxd4 22. cxd4 Rb6 23. Rd3 Kf8 24. Kf1 Ke7 25. Ke2 Kd6 26. Kd2 f6 27. f4 e5 28. fxe5+ fxe5 29. dxe5+ Kxe5 30. h3 Rb4 $11 31. g3 1/2-1/2